AoeStats
← randomciv

Coastal Forest

503669507Analyzed
4v4 RM · 1mo ago on Sep 1, 2026· 47m 47s· 8 players
Game mode
Random Map
Map size
Large (8 player)
Population
200
Speed
Normal
Resources
Standard
Victory
Conquest
Starting age
Dark Age
Ending age
Imperial Age
RankedLock teamsTeams togetherTeam positionsShared explorationLock speedFull tech treeHidden civsTurbo modeCheats
Victory
Defeat
🇦🇷 Portuguese · Argentina
1615
+15
🇩🇪 Poles · Germany
1544
+18
🇩🇪 Japanese · Germany
1534
+18
🇩🇪 Wei · Germany
1461
+21
🇹🇷 Cumans · Türkiye
1614
-19
🇹🇷 Mongols · Türkiye
1601
-19
🇹🇷 Khmer · Türkiye
1561
-17
🇹🇷 Magyars · Türkiye
1560
-17
Hommi
10:09 Feudal Age
11:36 Loom
14:00 Castle Age
12:19 Double-Bit Axe
12:40 Horse Collar
16:13 Loom
27:29 Heavy Plow
28:48 Szlachta Privileges
29:11 Bloodlines
29:34 Husbandry
31:00 Scale Barding Armor
32:58 Wheelbarrow
32:58 Gold Mining
33:45 Wheelbarrow
33:25 Forging
34:13 Chain Barding Armor
36:05 Iron Casting
40:59 Imperial Age
39:43 Hand Cart
40:37 Town Watch
41:02 Cavalier
42:54 Blast Furnace
41:23 Capped Ram
42:18 Siege Ram
43:34 Conscription
45:02 Light Cavalry
46:36 Winged Hussar
Matzeking
9:40 Loom
12:25 Feudal Age
12:57 Double-Bit Axe
18:07 Castle Age
16:14 Gold Mining
16:17 Fishing Lines
18:10 Fletching
19:00 Medium Warships
18:47 Bodkin Arrow
19:04 Bow Saw
21:08 Padded Archer Armor
22:48 Gillnets
23:03 Husbandry
23:14 Bloodlines
23:17 Horse Collar
25:23 Ballistics
26:17 Wheelbarrow
25:27 Town Watch
27:40 Hand Cart
28:51 Leather Archer Armor
29:41 Thumb Ring
34:22 Imperial Age
32:14 Heavy Plow
34:25 Stone Mining
35:27 Gold Shaft Mining
34:23 Pikeman
35:03 Squires
35:06 Bracer
36:08 Chemistry
34:56 Heavy Cavalry Archer
37:55 Ring Archer Armor
38:06 Parthian Tactics
38:17 Scale Mail Armor
38:29 Forging
38:44 Town Watch
38:33 Halberdier
39:12 Arrowslits
39:39 Masonry
39:24 Guard Tower
41:38 Two-Man Saw
42:44 Yasama
43:04 Conscription
43:30 Chain Mail Armor
43:51 Keep
45:10 Plate Mail Armor
45:16 Iron Casting
w h i z.
6:28 Loom
9:01 Feudal Age
9:44 Double-Bit Axe
10:21 Horse Collar
16:19 Scale Barding Armor
21:27 Castle Age
19:43 Gold Mining
21:03 Bloodlines
21:29 Light Cavalry
22:10 Husbandry
23:07 Chain Barding Armor
23:51 Forging
25:56 Heavy Plow
27:36 Wheelbarrow
28:28 Bow Saw
34:35 Iron Casting
35:01 Stone Mining
42:30 Imperial Age
40:17 Hand Cart
41:37 Tuntian
43:37 Conscription
43:44 Ming Guang Armor
42:42 Heavy Hei Guang Cavalry
44:25 Blast Furnace
43:50 Hussar
randomciv
6:38 Loom
9:21 Feudal Age
12:50 Fletching
17:42 Padded Archer Armor
17:29 Double-Bit Axe
28:02 Castle Age
27:47 Gold Mining
28:07 Crossbowman
29:16 Bodkin Arrow
Bzm_Castle
4:36 Loom
9:22 Feudal Age
10:03 Double-Bit Axe
10:53 Horse Collar
17:47 Scale Barding Armor
18:32 Bloodlines
21:01 Forging
22:22 Wheelbarrow
24:19 Castle Age
25:12 Gold Mining
26:07 Husbandry
26:28 Chain Barding Armor
26:44 Iron Casting
26:20 Bow Saw
32:15 Light Cavalry
34:36 Fletching
40:55 Bodkin Arrow
41:54 Hand Cart
44:55 Imperial Age
43:36 Heavy Plow
47:43 Double Crossbow
48:03 Conscription
Bzm_Kuvâ-yi Milliye
8:58 Feudal Age
9:36 Double-Bit Axe
9:31 Horse Collar
9:39 Loom
14:55 Wheelbarrow
17:32 Scale Barding Armor
17:38 Forging
20:04 Castle Age
18:16 Town Watch
19:26 Gold Mining
20:24 Bloodlines
21:15 Chain Barding Armor
21:31 Iron Casting
23:42 Hand Cart
23:28 Heavy Plow
26:07 Bow Saw
26:24 Heavy Plow
27:00 Gold Shaft Mining
27:42 Gold Shaft Mining
27:18 Stone Mining
30:56 Capped Ram
35:43 Imperial Age
34:20 Fletching
35:11 Medium Warships
34:21 Demolition Ship
34:42 Fishing Lines
35:31 Medium Warships
36:22 Bodkin Arrow
37:32 Chemistry
36:57 Ballistics
36:02 Cavalier
37:18 Plate Barding Armor
37:43 Blast Furnace
37:38 Heavy Warships
37:18 Siege Ram
38:55 Paladin
43:18 Guilds
43:38 Coinage
Bzm_JöNTüRK
6:01 Loom
10:01 Feudal Age
11:02 Double-Bit Axe
15:53 Fletching
18:22 Padded Archer Armor
27:33 Castle Age
27:48 Bloodlines
30:12 Bodkin Arrow
31:59 Thumb Ring
35:01 Leather Archer Armor
38:26 Elite Skirmisher
Bzm_Cordobez
6:44 Loom
9:22 Feudal Age
9:57 Double-Bit Axe
9:55 Horse Collar
16:12 Gold Mining
17:08 Bloodlines
17:49 Scale Barding Armor
22:42 Castle Age
22:37 Wheelbarrow
23:54 Chain Barding Armor
23:36 Husbandry
22:59 Light Cavalry
24:02 Bow Saw
28:42 Heavy Plow
33:30 Stone Mining
34:16 Gold Shaft Mining
34:49 Bow Saw
40:17 Imperial Age
39:31 Hand Cart
39:01 Town Watch
41:14 Coinage
42:04 Two-Man Saw
41:35 Crop Rotation
41:41 Plate Barding Armor
40:28 Cavalier
41:12 Caravan
43:27 Banking
42:54 Paladin
Connection lost

Rejoining the realm…

Still unreachable

The connection could not be restored.

Session expired

The server has moved on; the page needs a fresh start.